 Dungeon Crawl Stone Soup version 0.23.2 (webtiles) character file.

Game seed: 14303694365715867188

263 Borgoz the Sneak (level 6, -5/50 (51) HPs)
             Began as a Ghoul Assassin on Apr 5, 2019.
             Killed by divine providence
             ... invoked by an orc priest
              (14 damage)
             ... on level 4 of the Dungeon.
             The game lasted 00:05:06 (3450 turns).

Borgoz the Sneak (Ghoul Assassin)                   Turns: 3450, Time: 00:05:07

HP:   -5/50 (51)    AC:  5    Str: 19 (20) XL:     6   Next: 19%
MP:   0/5           EV: 17    Int:  5 (6)  God:
Gold: 169           SH:  0    Dex: 16 (17) Spells: 5/5 levels left

rFire    . . .     SeeInvis +   a - +2 dagger
rCold    + . .     Gourm    .   (no shield)
rNeg     + + +     Faith    .   i - +0 ring mail (curse)
rPois    ∞         Spirit   +   (no helmet)
rElec    .         Reflect  .   o - scarf {Spirit}
rCorr    .         Harm     .   (no gloves)
MR       .....                  (no boots)
Stlth    ++........             (no amulet)
HPRegen  0.00/turn              h - ring of attention (curse)
MPRegen  0.09/turn              k - ring of see invisible

@: mighty, agile, rotting, hasted, very quick
A: rotting body, claws 1, carnivore, cold resistance 1, negative energy
resistance 3, inhibited regeneration, torment resistance, unbreathing
a: no special abilities


You were on level 4 of the Dungeon.
You were not hungry.

You visited 1 branch of the dungeon, and saw 4 of its levels.

You collected 169 gold pieces.

Inventory:

Hand Weapons
 a - a +2 dagger (weapon)
 b - a +0 blowgun
Missiles
 e - 45 poisoned needles
 f - 2 curare-tipped needles
Armour
 i - a cursed +0 ring mail (worn)
 o - a scarf of spirit shield (worn)
Jewellery
 h - a cursed ring of attention (left claw)
 k - a ring of see invisible (right claw)
Scrolls
 c - a scroll of enchant weapon {unknown}
 d - a scroll of blinking {unknown}
 j - 10 scrolls of identify {unknown}
 l - a scroll of enchant armour {unknown}
 m - 4 scrolls of teleportation {unknown}
 r - a scroll of remove curse {unknown}
 s - a scroll of fear {unknown}
 t - a scroll of magic mapping {unknown}
Potions
 p - a potion of might
Comestibles
 g - 3 rations


   Skills:
 + Level 3.1 Fighting
 * Level 3.3 Short Blades
 - Level 1.7 Throwing
 * Level 2.4 Armour
 * Level 2.6 Dodging
 + Level 4.9 Stealth


You had 5 spell levels left.
You didn't know any spells.
Your spell library was empty.

Dungeon Overview and Level Annotations

Branches:
Dungeon (4/15)             Temple (0/1) D:4

Altars:
Dithmenos


Innate Abilities, Weirdness & Mutations

Your body is rotting away.
You thrive on raw meat.
You are immune to poison.
You have sharp fingernails.
You are carnivorous and can eat meat at any time.
Your flesh is cold resistant. (rC+)
You are immune to negative energy. (rN+++)
You do not regenerate when monsters are visible.
You are immune to unholy pain and torment.
You can survive without breathing.


Message History

The orc priest is severely wounded.
The orc priest begins to cast a cantrip, but forgets the words!
The orc misses you.
You completely miss the orc priest.
The orc priest is severely wounded.
The orc misses you. The orc priest misses you.
You hit the orc priest.
The orc priest is almost dead.
The orc wizard hits you with a +0 dagger.
You puncture the orc priest!
You kill the orc priest!
You feel your strength returning. The orc barely misses you.
The orc priest hits you.
* * * LOW HITPOINT WARNING * * *
The orc misses you.
You barely miss the orc priest.
The orc priest mumbles some strange prayers to Beogh against you.
Beogh smites you!
You die...

#.#..#..##....#.#
#.#
##.#..#..##....#.#
#.#
......#..##....#.#
..#
##.......##....#.#
...
###.#...####..#.#
#.#...# ##.#.#
####.#...# #)o.#
.....#...# ##.o#
...#.###.# #o@#
.........# ##o#
..##.####### #.#
.###........ .>#
.##...#.#### #.#
........# #.#
...##...# #.#
.[####..# #.#
...##...#


You could see an orc priest, an orc wizard and 2 orcs.

Vanquished Creatures
  An orc priest (D:4)
  2 orc wizards
  7 adders
  3 oozes
  3 worms
  A leopard gecko (D:3)
  7 orcs
  2 giant cockroaches
  10 goblins
  10 hobgoblins
  9 jackals (D:3)
  2 quokkas
  A ball python skeleton (D:4)
  9 bats
  8 frilled lizards (D:2)
  4 kobolds
  A quokka skeleton (D:4)
  8 rats
88 creatures vanquished.

Notes
Turn   | Place    | Note
-------+----------+-------------------------------------------
     0 | D:1      | Borgoz the Ghoul Assassin began the quest for the Orb.
     0 | D:1      | Reached XP level 1. HP: 17/17 MP: 0/0
   206 | D:1      | Reached skill level 1 in Dodging
   279 | D:1      | Reached XP level 2. HP: 22/23 MP: 1/1
   739 | D:2      | Reached skill level 1 in Armour
   739 | D:2      | Reached XP level 3. HP: 25/30 MP: 2/2
  1141 | D:2      | Reached XP level 4. HP: 36/37 MP: 3/3
  1943 | D:3      | Reached XP level 5. HP: 39/42 MP: 4/4
  2836 | D:4      | Reached XP level 6. HP: 13/51 MP: 2/5
  3283 | D:4      | Found a shadowy altar of Dithmenos.
  3389 | D:4      | Found a staircase to the Ecumenical Temple.
  3450 | D:4      | Killed from afar by an orc priest

Skill      XL: |  1  2  3  4  5 |
---------------+----------------+-----
Dodging        | 1 2 |  2.6
Short Blades   | 2 3 |  3.3
Armour         | 1 2 |  2.4
Fighting       | 3 |  3.1
Throwing       | |  1.7
Stealth        | |  4.9

Action                   |  1- 3 |  4- 6 || total
-------------------------+-------+-------++-------
Melee: Dagger            |   108 |   314 ||   422
 Fire: Blowgun           |       |     2 ||     2
  Use: Potion            |       |     6 ||     6
 Stab: Sleeping          |     3 |       ||     3
  Eat: Chunk             |     4 |    17 ||    21
Armor: Ring mail         |    61 |   100 ||   161
Dodge: Dodged            |    72 |   173 ||   245
